XFBL
HOUSTON ASTROS @ ATLANTA BRAVES
09/13/1982
 
TOP OF THE 1ST
Houston Astros batting - Pitching for Atlanta Braves : RHP Alan Knicely
Pitching: RHP Alan Knicely
Batting: RHB Julio Franco 0-0: Ball
1-0: Reached on error, E5 (Groundball, 5, EV 94.4 MPH)
Batting: SHB Bill D Doran 0-0: Called Strike
0-1: Called Strike
0-2: Ball
1-2: Foul Ball, location: 2F
1-2: Ground out 4-3 (Groundball, 4, EV 86.9 MPH)
Julio Franco to third
Batting: RHB Zail Smith 0-0: Ball
1-0: Fly out, F7 (Flyball, 7S, EV 91.3 MPH)
Batting: RHB John Castino 0-0: Ground out 4-3 (Groundball, 4, EV 98.8 MPH)
Top of the 1st over - 0 runs, 0 hits, 1 error, 1 left on base; Houston 0 - Atlanta 0
BOTTOM OF THE 1ST
Atlanta Braves batting - Pitching for Houston Astros : RHP Rick Camp
Pitching: RHP Rick Camp
Batting: SHB UL Washington 0-0: Ball
1-0: Foul Ball, location: 2F
1-1: Foul Ball, location: 2F
1-2: Foul Ball, location: 2F
1-2: Ball
2-2: SOLO HOME RUN (Flyball, 89XD, EV 92.5 MPH), Distance : 411 ft
Batting: RHB Gil Flores 0-0: Ground out 5-3 (Groundball, 56S, EV 83.1 MPH)
Batting: LHB Joe L Morgan 0-0: Swinging Strike
0-1: Ball
1-1: Swinging Strike
1-2: Foul Ball, location: 2F
1-2: Ball
2-2: Foul Ball, location: 2F
2-2: Ball
3-2: Ground out 4-3 (Groundball, 13, EV 84.4 MPH)
Batting: LHB Bobby Murcer 0-0: Ball
1-0: Foul Ball, location: 2F
1-1: Fly out, F7 (Flyball, 78S, EV 93.1 MPH)
Bottom of the 1st over - 1 run, 1 hit, 0 errors, 0 left on base; Houston 0 - Atlanta 1
TOP OF THE 2ND
Houston Astros batting - Pitching for Atlanta Braves : RHP Alan Knicely
Batting: SHB Christopher Clark 0-0: Ball
1-0: Ball
2-0: Ball
3-0: Called Strike
3-1: Base on Balls
Batting: LHB Jose Cruz 0-0: Foul Ball, location: 2F
0-1: Ball
1-1: Ball
2-1: Foul Ball, location: 2F
2-2: Ball
3-2: Foul Ball, location: 3F, Error on foul ball, E3
3-2: Foul Ball, location: 2F
3-2: Fly out, F9 (Line Drive, 9, EV 84.4 MPH)
Batting: LHB Jerry Narron 0-0: Fly out, F4 (Flyball, 34D, EV 90.0 MPH)
Batting: RHB Mickey Hatcher 0-0: Ball
1-0: Fielders Choice at 2nd, 6-4 (Groundball, 6, EV 77.5 MPH)
Top of the 2nd over - 0 runs, 0 hits, 1 error, 1 left on base; Houston 0 - Atlanta 1
BOTTOM OF THE 2ND
Atlanta Braves batting - Pitching for Houston Astros : RHP Rick Camp
Batting: RHB John Freitas 0-0: SINGLE (Groundball, 6D, EV 97.5 MPH)
Batting: LHB Matt Winters 0-0: Called Strike
0-1: Ball
1-1: DOUBLE (Flyball, 8RXD, EV 89.4 MPH)
John Freitas to third
Runner from 3rd tries for Home, SAFE, throw by CF to home
Batting: RHB Adam Suman 0-0: Swinging Strike
0-1: Ball
1-1: Foul Ball, location: 2F
1-2: SINGLE (Groundball, 6MD, EV 100.0 MPH)
Matt Winters to third
Runner from 3rd tries for Home, SAFE, throw by CF to home
Batting: RHB Guy Sularz 0-0: Called Strike
0-1: Called Strike
0-2: Foul Ball, location: 2F
0-2: Ball
1-2: Strikes out swinging
Batting: RHB Alan Knicely 0-0: Ball
1-0: Sac Bunt to 3S - play at first, batter OUT! 3-1
Adam Suman to second
Batting: SHB UL Washington 0-0: Called Strike
0-1: Foul Ball, location: 2F
0-2: Ball
1-2: Ball
2-2: SINGLE (Flyball, 56D, EV 95.6 MPH)
Adam Suman to third
Runner from 3rd tries for Home, SAFE, throw by LF to home
Batting: RHB Gil Flores 0-0: Called Strike
0-1: Called Strike
0-2: Strikes out looking
Bottom of the 2nd over - 3 runs, 4 hits, 0 errors, 1 left on base; Houston 0 - Atlanta 4
TOP OF THE 3RD
Houston Astros batting - Pitching for Atlanta Braves : RHP Alan Knicely
Batting: RHB Rick Camp 0-0: Foul Ball, location: 2F
0-1: Ball
1-1: Ground out 4-3 (Groundball, 4S, EV 89.4 MPH)
Batting: RHB Julio Franco 0-0: Foul Ball, location: 2F
0-1: Swinging Strike
0-2: Strikes out swinging
Batting: SHB Bill D Doran 0-0: Called Strike
0-1: Ball
1-1: SINGLE (Groundball, 34D, EV 98.8 MPH)
Batting: RHB Zail Smith 0-0: Called Strike
Bill D Doran steals 2nd base (no throw)
0-1: Ball
Wild Pitch!
Bill D Doran to third
1-1: Fly out, F9 (Flyball, 9, EV 87.5 MPH)
Top of the 3rd over - 0 runs, 1 hit, 0 errors, 1 left on base; Houston 0 - Atlanta 4
BOTTOM OF THE 3RD
Atlanta Braves batting - Pitching for Houston Astros : RHP Rick Camp
Batting: LHB Joe L Morgan 0-0: Ball
1-0: Foul Ball, location: 2F
1-1: Ball
2-1: Foul Ball, location: 2F
2-2: DOUBLE (Flyball, 8LXD, EV 105.0 MPH)
Batting: LHB Bobby Murcer 0-0: Ball
1-0: Ground out 4-3 (Groundball, 34, EV 78.8 MPH)
Joe L Morgan to third
Batting: RHB John Freitas 0-0: Ball
1-0: Ground out 6-3 (Groundball, 6M, EV 110.6 MPH)
Joe L Morgan scores
Batting: LHB Matt Winters 0-0: Called Strike
0-1: Ball
1-1: Foul Ball, location: 2F
1-2: Ball
2-2: Foul Ball, location: 2F
2-2: Fly out, F6 (Line Drive, 6, EV 64.4 MPH)
Bottom of the 3rd over - 1 run, 1 hit, 0 errors, 0 left on base; Houston 0 - Atlanta 5
TOP OF THE 4TH
Houston Astros batting - Pitching for Atlanta Braves : RHP Alan Knicely
Batting: RHB John Castino 0-0: Called Strike
0-1: Ball
1-1: Ground out 5-3 (Groundball, 56S, EV 83.1 MPH)
Batting: SHB Christopher Clark 0-0: Called Strike
0-1: Ball
1-1: Foul Ball, location: 2F
1-2: Ball
2-2: Foul Ball, location: 2F
2-2: Ball
3-2: Foul Ball, location: 2F
3-2: Base on Balls
Batting: LHB Jose Cruz 0-0: Called Strike
0-1: Called Strike
0-2: Ball
1-2: DOUBLE (Line Drive, 7LM, EV 105.0 MPH)
Christopher Clark to third
Runner from 3rd tries for Home, SAFE, no throw by LF
Batting: LHB Jerry Narron 0-0: Ball
1-0: Ball
2-0: Called Strike
2-1: Ground out 5-3 (Groundball, 56, EV 103.1 MPH)
Batting: RHB Mickey Hatcher 0-0: Ball
1-0: Swinging Strike
1-1: Foul Ball, location: 2F
1-2: Foul Ball, location: 2F
1-2: Strikes out swinging
Top of the 4th over - 1 run, 1 hit, 0 errors, 1 left on base; Houston 1 - Atlanta 5
BOTTOM OF THE 4TH
Atlanta Braves batting - Pitching for Houston Astros : RHP Rick Camp
Batting: RHB Adam Suman 0-0: Ball
1-0: Called Strike
1-1: Ball
2-1: Called Strike
2-2: Fly out, F6 (Popup, 6, EV 55.0 MPH)
Batting: RHB Guy Sularz 0-0: DOUBLE (Groundball, 3L, EV 110.0 MPH)
Batting: RHB Alan Knicely 0-0: Ground out 5-3 (Groundball, 5, EV 83.8 MPH)
Batting: SHB UL Washington 0-0: Foul Ball, location: 2F
0-1: Ball
1-1: Foul Ball, location: 2F
1-2: Fly out, F8 (Flyball, 89D, EV 95.6 MPH)
Bottom of the 4th over - 0 runs, 1 hit, 0 errors, 1 left on base; Houston 1 - Atlanta 5
TOP OF THE 5TH
Houston Astros batting - Pitching for Atlanta Braves : RHP Alan Knicely
Batting: RHB Rick Camp 0-0: Called Strike
0-1: Swinging Strike
0-2: Strikes out swinging
Batting: RHB Julio Franco 0-0: Ball
1-0: Called Strike
1-1: SINGLE (Flyball, 7LS, EV 88.8 MPH)
Batting: SHB Bill D Doran 0-0: Called Strike
0-1: Fly out, F6 (Flyball, 56D, EV 92.5 MPH)
Batting: RHB Zail Smith 0-0: Ball
1-0: Swinging Strike
1-1: Called Strike
1-2: 2-RUN HOME RUN (Flyball, 7D, EV 93.1 MPH), Distance : 379 ft
Batting: RHB John Castino 0-0: Ball
1-0: Called Strike
1-1: Foul Ball, location: 2F
1-2: Foul Ball, location: 2F
1-2: Foul Ball, location: 2F
1-2: Ball
2-2: Ball
3-2: Strikes out looking
Top of the 5th over - 2 runs, 2 hits, 0 errors, 0 left on base; Houston 3 - Atlanta 5
BOTTOM OF THE 5TH
Atlanta Braves batting - Pitching for Houston Astros : RHP Rick Camp
Batting: RHB Gil Flores 0-0: Called Strike
0-1: SINGLE (Line Drive, 89M, EV 94.4 MPH)
Batting: LHB Joe L Morgan 0-0: Foul Ball, location: 2F
0-1: Ball
1-1: Foul Ball, location: 2F
1-2: Fielders Choice at 2nd, 5-4 (Groundball, 56, EV 81.9 MPH)
Batting: LHB Bobby Murcer 0-0: Ball
1-0: Ball
2-0: 2-RUN HOME RUN (Flyball, 89XD, EV 103.1 MPH), Distance : 402 ft
Pitching: RHP Ramon Molina
Batting: RHB John Freitas 0-0: Ball
1-0: SINGLE (Groundball, 4MD, EV 98.1 MPH)
Batting: LHB Matt Winters 0-0: Swinging Strike
0-1: Ball
1-1: Ball
2-1: Foul Ball, location: 2F
2-2: Ball
3-2: Strikes out swinging
Batting: RHB Adam Suman 0-0: Called Strike
0-1: Foul Ball, location: 2F
0-2: Ball
1-2: Fly out, F9 (Flyball, 9, EV 87.5 MPH)
Bottom of the 5th over - 2 runs, 3 hits, 0 errors, 1 left on base; Houston 3 - Atlanta 7
TOP OF THE 6TH
Houston Astros batting - Pitching for Atlanta Braves : RHP Alan Knicely
Batting: SHB Christopher Clark 0-0: Ball
1-0: Swinging Strike
1-1: Foul Ball, location: 2F
1-2: Strikes out swinging
Batting: LHB Jose Cruz 0-0: Swinging Strike
0-1: Ball
1-1: Ball
2-1: Called Strike
2-2: Ground out 6-3 (Groundball, 6, EV 104.4 MPH)
Batting: LHB Jerry Narron 0-0: Called Strike
0-1: Foul Ball, location: 2F
0-2: Foul Ball, location: 2F
0-2: Ball
1-2: Foul Ball, location: 2F
1-2: Ground out 4-3 (Groundball, 4, EV 86.3 MPH)
Top of the 6th over - 0 runs, 0 hits, 0 errors, 0 left on base; Houston 3 - Atlanta 7
BOTTOM OF THE 6TH
Atlanta Braves batting - Pitching for Houston Astros : RHP Ramon Molina
Batting: RHB Guy Sularz 0-0: Foul Ball, location: 2F
0-1: Fly out, F4 (Line Drive, 4, EV 58.8 MPH)
Batting: RHB Alan Knicely 0-0: Ball
1-0: Foul Ball, location: 2F
1-1: Ground out 5-3 (Groundball, 56S, EV 84.4 MPH)
Batting: SHB UL Washington 0-0: Called Strike
0-1: Ball
1-1: Called Strike
1-2: Strikes out swinging
Bottom of the 6th over - 0 runs, 0 hits, 0 errors, 0 left on base; Houston 3 - Atlanta 7
TOP OF THE 7TH
Houston Astros batting - Pitching for Atlanta Braves : RHP Alan Knicely
Batting: RHB Mickey Hatcher 0-0: Called Strike
0-1: Ground out 5-3 (Groundball, 56S, EV 86.3 MPH)
Pinch Hitting: RHB Cecil Fielder 0-0: Ball
1-0: Ball
2-0: Ball
3-0: Called Strike
3-1: Foul Ball, location: 2F
3-2: Foul Ball, location: 2F
3-2: Foul Ball, location: 2F
3-2: Fly out, F7 (Flyball, 7S, EV 76.9 MPH)
Batting: RHB Julio Franco 0-0: Called Strike
0-1: SINGLE (Line Drive, 8RS, EV 101.9 MPH)
Batting: SHB Bill D Doran 0-0: Ground out 6-3 (Groundball, 6S, EV 83.8 MPH)
Top of the 7th over - 0 runs, 1 hit, 0 errors, 1 left on base; Houston 3 - Atlanta 7
BOTTOM OF THE 7TH
Atlanta Braves batting - Pitching for Houston Astros : RHP Ramon Molina
Pitching: LHP Terry Forster
Batting: RHB Gil Flores 0-0: Called Strike
0-1: Swinging Strike
0-2: Strikes out looking
Batting: LHB Joe L Morgan 0-0: Called Strike
0-1: Swinging Strike
0-2: Ball
1-2: Foul Ball, location: 2F
1-2: Ball
2-2: Ball
3-2: Fly out, F7 (Flyball, 78S, EV 88.8 MPH)
Batting: LHB Bobby Murcer 0-0: Ball
1-0: Called Strike
1-1: Ball
2-1: Foul Ball, location: 2F
2-2: Strikes out swinging
Bottom of the 7th over - 0 runs, 0 hits, 0 errors, 0 left on base; Houston 3 - Atlanta 7
TOP OF THE 8TH
Houston Astros batting - Pitching for Atlanta Braves : RHP Alan Knicely
Batting: RHB Zail Smith 0-0: Foul Ball, location: 2F
0-1: Ball
1-1: SINGLE (Groundball, 25, EV 73.1 MPH) (infield hit)
Batting: RHB John Castino 0-0: Called Strike
0-1: Foul Ball, location: 2F
0-2: Fly out, F8 (Line Drive, 8RM, EV 92.5 MPH)
Batting: SHB Christopher Clark 0-0: Fielders Choice at 2nd, 6-4 (Groundball, 6, EV 105.6 MPH)
Batting: LHB Jose Cruz 0-0: Ball
1-0: 2-RUN HOME RUN (Flyball, 7D, EV 104.4 MPH), Distance : 381 ft
Batting: LHB Jerry Narron 0-0: Ball
1-0: SINGLE (Groundball, 6M, EV 107.5 MPH) (infield hit)
Batting: RHB Mickey Hatcher 0-0: Ball
1-0: Foul Ball, location: 2F
1-1: Called Strike
1-2: Ball
2-2: Fly out, F9 (Flyball, 9S, EV 85.0 MPH)
Top of the 8th over - 2 runs, 3 hits, 0 errors, 1 left on base; Houston 5 - Atlanta 7
BOTTOM OF THE 8TH
Atlanta Braves batting - Pitching for Houston Astros : LHP Terry Forster
Batting: RHB John Freitas 0-0: Ball
1-0: Foul Ball, location: 2F
1-1: Ball
2-1: Foul Ball, location: 2F
2-2: Ball
3-2: Base on Balls
Batting: LHB Matt Winters 0-0: Foul Ball, location: 2F
0-1: Ball
1-1: Ball
2-1: Foul Ball, location: 2F
2-2: Ball
3-2: Foul Ball, location: 2F
3-2: Foul Ball, location: 2F
3-2: Foul Ball, location: 2F
3-2: Foul Ball, location: 2F
3-2: Strikes out swinging
Pitching: LHP Mike Caldwell
Batting: RHB Adam Suman 0-0: Called Strike
0-1: Foul Ball, location: 2F
0-2: Foul Ball, location: 2F
0-2: SINGLE (Groundball, 56D, EV 93.8 MPH)
John Freitas to second
Batting: RHB Guy Sularz 0-0: Swinging Strike
0-1: Swinging Strike
0-2: Ball
1-2: Foul Ball, location: 2F
1-2: Ball
2-2: Foul Ball, location: 2F
2-2: Ground out 5-3 (Groundball, 56S, EV 75.6 MPH)
John Freitas to third
Adam Suman to second
Pinch Hitting: LHB Leon Durham 0-0: Ground out 4-3 (Groundball, 4S, EV 76.9 MPH)
Bottom of the 8th over - 0 runs, 1 hit, 0 errors, 2 left on base; Houston 5 - Atlanta 7
TOP OF THE 9TH
Houston Astros batting - Pitching for Atlanta Braves : RHP Alan Knicely
Pitching: RHP Charlie Lea
Now in LF: Craig Kusick
Pinch Hitting: LHB Steve Kemp 0-0: Swinging Strike
0-1: Ground out 4-3 (Groundball, 34, EV 103.1 MPH)
Batting: RHB Julio Franco 0-0: Fly out, F5 (Line Drive, 5, EV 65.0 MPH)
Batting: SHB Bill D Doran 0-0: Called Strike
0-1: Fly out, F7 (Line Drive, 7, EV 107.5 MPH)
Top of the 9th over - 0 runs, 0 hits, 0 errors, 0 left on base; Houston 5 - Atlanta 7
Monday, August 31st, 2020 - OOTP Baseball 21.5 Build 76